 Dungeon Crawl Stone Soup version 0.28.0-53-g5a82cb258f (webtiles) character file.

Game seed: 2139261554420865141

427 MisterFreud the Covert (level 6, -5/53 HPs)
             Began as a Gnoll Delver on June 5, 2022.
             Was a Believer of Sif Muna.
             Slain by Sigmund
             ... wielding a +0 scythe
              (8 damage)
             ... on level 3 of the Dungeon.
             The game lasted 00:05:40 (3868 turns).

MisterFreud the Covert (Gnoll Delver)               Turns: 3868, Time: 00:05:40

Health: -5/53      AC:  5    Str: 11    XL:     6   Next: 97%
Magic:  9/9        EV: 13    Int: 11    God:    Sif Muna [**....]
Gold:   26         SH:  0    Dex: 14    Spells: 9/9 levels left

rFire   + . .      SeeInvis .   a - +0 short sword
rCold   . . .      Faith    .   (no shield)
rNeg    . . .      Spirit   .   m - +1 leather armour of Precision Catastrophes {rF+ Stlth+}
rPois   .          Reflect  .   (no helmet)
rElec   .          Harm     .   (no cloak)
rCorr   .          Rampage  .   (no gloves)
Will    .....                   p - +0 pair of boots
Stlth   +++.......              (no amulet)
HPRegen 0.17/turn               (no ring)
MPRegen 0.11/turn               (no ring)

@: confused
A: fangs 1, strong nose, distributed training
a: Renounce Religion, Channel Magic


You were on level 3 of the Dungeon.
You worshipped Sif Muna.
Sif Muna was pleased with you.
You visited 1 branch of the dungeon, and saw 6 of its levels.

You collected 173 gold pieces.
You spent 147 gold pieces at shops.

Inventory:

Hand Weapons
 a - a +0 short sword (weapon)
Missiles
 l - 2 throwing nets (quivered)
 n - 5 boomerangs
Armour
 m - the +1 leather armour of Precision Catastrophes (worn) {rF+ Stlth+}
   (You bought it in a shop on level 4 of the Dungeon)

   rF:        It protects you from fire.
   Stlth:     It makes you more stealthy.
 p - a +0 pair of boots (worn)
Wands
 g - a wand of digging (3)
 j - a wand of flame (19)
Scrolls
 b - a scroll of holy word {unknown}
 c - a scroll of fog
 d - a scroll of magic mapping
 e - 2 scrolls of fear
 f - 4 scrolls of teleportation
 k - a scroll of vulnerability {unknown}
 o - 3 scrolls of identify
Potions
 h - a potion of cancellation
 i - a potion of flight


   Skills:
 + Level 6.9 Fighting
 + Level 5.1 Short Blades
 + Level 2.2 Long Blades
 + Level 2.2 Axes
 + Level 2.2 Maces & Flails
 + Level 2.2 Polearms
 + Level 2.2 Staves
 + Level 2.2 Slings
 + Level 2.2 Bows
 + Level 2.2 Crossbows
 + Level 2.2 Throwing
 + Level 2.2 Armour
 + Level 5.1 Dodging
 + Level 9.8 Stealth
 + Level 2.2 Shields
 + Level 2.2 Unarmed Combat
 + Level 2.2 Spellcasting
 + Level 1.7 Conjurations
 + Level 1.7 Hexes
 + Level 1.7 Summonings
 + Level 1.7 Necromancy
 + Level 1.7 Translocations
 + Level 1.7 Transmutations
 + Level 1.7 Fire Magic
 + Level 1.7 Ice Magic
 + Level 1.7 Air Magic
 + Level 1.7 Earth Magic
 + Level 1.7 Poison Magic
 + Level 2.4 Invocations
 + Level 2.2 Evocations


You had 9 spell levels left.
You didn't know any spells.
Your spell library contained the following spells:

 Spells                   Type           Power      Damage    Failure   Level
 Sandblast                Erth           10%        2d5       19%         1
 Passwall                 Tmut/Erth      4%         N/A       28%         2
 Stone Arrow              Conj/Erth      10%        3d7       50%         3


Dungeon Overview and Level Annotations

Branches:
Dungeon (6/15)
 Temple: D:4-7

Altars:
Sif Muna
Trog
Xom

Shops:
D:4 [

Annotations:
D:3 Sigmund


Innate Abilities, Weirdness & Mutations

You have very sharp teeth.
Your uncanny sense of smell can sniff out nearby items.
Your experience applies equally to all skills.


Message History

Sigmund is moderately wounded.
Sigmund seems less confused.
Sigmund closely misses you.
You closely miss Sigmund. Your bite misses Sigmund.
Sigmund is moderately wounded.
You hit Sigmund.
Sigmund is moderately wounded.
Sigmund is no longer blind.
Sigmund hits you with a +0 scythe.
You hit Sigmund but do no damage.
Sigmund is moderately wounded.
You hit Sigmund.
Sigmund is heavily wounded.
Sigmund closely misses you.
You barely miss Sigmund.
Sigmund is heavily wounded.
You hit Sigmund.
Sigmund is heavily wounded.
Sigmund hits you with a +0 scythe!
* * * LOW HITPOINT WARNING * * *
You hit Sigmund but do no damage.
Sigmund is heavily wounded.
Okay, then.
You hit Sigmund but do no damage.
Sigmund is heavily wounded.
Sigmund gestures wildly while chanting.
Sigmund flickers and vanishes!
Deactivating autopickup; reactivate with Ctrl-A.
You hit something but do no damage. Your bite misses something.
Something hits you.
* * * LOW HITPOINT WARNING * * *
You hit something.
Unknown command.
You barely miss something. You punch something.
You hear some strange, mumbled words.
You are confused.
Something hits you!
* * * LOW HITPOINT WARNING * * *
Unknown command.
You're too confused to move!
Something hits you!
You die...

######### ...(....#
........# ### ###
......(.♣ ♣♣♣♣♣♣♣.#####..
........♣♣♣♣..♣.♣♣....##.#
##.####..@.........##.....
##♣♣P.♣♣..♣♣#####...
♣♣♣♣♣♣♣♣♣♣#####..#
#.....#.......)..#
#.......#######.## #...#
#...#. #...#..## ##.###.
#.#.#...###.).... #
#.#.#.##.......


There were no monsters in sight!

Vanquished Creatures
  An ogre (D:6)
  A scorpion (D:4)
  An orc priest (D:3)
  A centaur skeleton (D:4)
  Natasha (thrice) (D:3)
  2 orc wizards
  3 adders
  An ufetubus (D:4)
  A worm (D:4)
  A dart slug (D:2)
  10 orcs
  2 ball pythons
  3 bats
  2 endoplasms
  3 giant cockroaches (D:2)
  4 goblins
  3 hobgoblins
  6 jackals
  2 kobolds
  4 quokkas
  2 frilled lizards
  A jackal skeleton (D:2)
  2 rats (D:2)
59 creatures vanquished.

Vanquished Creatures (others)
  6 plants
6 creatures vanquished.

Grand Total: 65 creatures vanquished

Notes
Turn   | Place    | Note
-------+----------+-------------------------------------------
     0 | D:5      | Reached skill level 9 in Stealth
     0 | D:5      | MisterFreud the Gnoll Delver began the quest for the Orb.
     0 | D:5      | Reached XP level 1. HP: 23/23 MP: 1/1
    16 | D:6      | Noticed an ogre
    22 | D:6      | Killed an ogre
    23 | D:6      | Reached skill level 1 in Long Blades
    23 | D:6      | Reached skill level 1 in Axes
    23 | D:6      | Reached skill level 1 in Maces & Flails
    23 | D:6      | Reached skill level 1 in Polearms
    23 | D:6      | Reached skill level 1 in Staves
    23 | D:6      | Reached skill level 1 in Slings
    23 | D:6      | Reached skill level 1 in Bows
    23 | D:6      | Reached skill level 1 in Crossbows
    23 | D:6      | Reached skill level 1 in Throwing
    23 | D:6      | Reached skill level 1 in Armour
    23 | D:6      | Reached skill level 1 in Shields
    23 | D:6      | Reached skill level 1 in Unarmed Combat
    23 | D:6      | Reached skill level 1 in Spellcasting
    23 | D:6      | Reached skill level 1 in Invocations
    23 | D:6      | Reached skill level 1 in Evocations
    23 | D:6      | Reached XP level 2. HP: 29/29 MP: 1/3
    23 | D:6      | Reached XP level 3. HP: 35/35 MP: 1/4
    23 | D:6      | Reached XP level 4. HP: 41/41 MP: 1/5
    80 | D:4      | Reached skill level 1 in Conjurations
    80 | D:4      | Reached skill level 1 in Hexes
    80 | D:4      | Reached skill level 1 in Summonings
    80 | D:4      | Reached skill level 1 in Necromancy
    80 | D:4      | Reached skill level 1 in Translocations
    80 | D:4      | Reached skill level 1 in Transmutations
    80 | D:4      | Reached skill level 1 in Fire Magic
    80 | D:4      | Reached skill level 1 in Ice Magic
    80 | D:4      | Reached skill level 1 in Air Magic
    80 | D:4      | Reached skill level 1 in Earth Magic
    80 | D:4      | Reached skill level 1 in Poison Magic
   101 | D:4      | Identified the -7 pair of gloves "Udahuwk" {rN+}
   430 | D:2      | Reached XP level 5. HP: 47/47 MP: 6/6
   584 | D:2      | Found a bloodstained altar of Trog.
   955 | D:1      | Found a faded altar of an unknown god.
   978 | D:1      | Prayed at the altar of an unknown god.
   978 | D:1      | Became a worshipper of Sif Muna the Loreminder
   978 | D:1      | Reached * piety under Sif Muna
  1930 | D:3      | Reached ** piety under Sif Muna
  2041 | D:3      | Noticed Natasha
  2075 | D:3      | Killed Natasha
  2090 | D:3      | Noticed Natasha
  2122 | D:3      | HP: 2/47 [orc priest/+0 mace (7)]
  2487 | D:3      | Killed Natasha
  2488 | D:3      | Reached XP level 6. HP: 25/53 MP: 8/8
  2962 | D:3      | You fall into a shaft and drop 1 floor!
  3022 | D:4      | Reached skill level 5 in Short Blades
  3022 | D:4      | Reached skill level 5 in Dodging
  3308 | D:4      | Found Huuh's Antique Armour Boutique.
  3316 | D:4      | Bought a twisted leather armour for 147 gold pieces
  3316 | D:4      | Identified the +1 leather armour of Precision Catastrophes
                  | {rF+ Stlth+} (You bought it in a shop on level 4 of the
                  | Dungeon)
  3764 | D:3      | Found a shimmering altar of Xom.
  3780 | D:3      | Noticed Natasha
  3790 | D:3      | Killed Natasha
  3839 | D:3      | Noticed Sigmund
  3866 | D:3      | HP: 2/53 [something (8)]
  3868 | D:3      | Slain by Sigmund

Illustrated notes

Levels and vault maps discovered:
D:1:      mushboom_english_gardens, layout_basic,
          dreamdust_ecumenical_altar_hidden_monk_grotto
D:2:      layout_rooms, basic_altar, serial_rivers,
          chequers_serial_rivers_room_b, chequers_serial_rivers_large_a,
          chequers_serial_rivers_large_b, chequers_serial_rivers_room_b,
          chequers_serial_rivers_room_b, chequers_serial_rivers_marsh
D:3:      layout_rooms, xom_teletrap_fun, serial_forest,
          infiniplex_forest_clump_long, infiniplex_forest_clump_diagonal,
          infiniplex_forest_straight_5, infiniplex_forest_split,
          feat_on_display, uniq_sigmund, uniq_natasha
D:4:      layout_rooms, minmay_fountain_box, nicolae_wooded_promenade
D:5:      layout_cave_pods, uniq_pikel
D:6:      layout_loops_ring, minmay_temple_entry_water_ring,
          serial_co_window_serial, co_window_paths_b, co_window_paths_b,
          co_window_paths_b, co_window_of_opportunity_a, co_window_corner_a,
          co_window_paths_a, co_window_paths_a, co_window_unsneaky_path_e,
          co_window_corner_b, co_window_corner_ca, co_window_unsneaky_path_a,
          co_window_corner_b, co_window_unsneaky_path_d, co_window_paths_e,
          glass_columns_b, chequers_serial_rivers_micro_d

Skill      XL: |  1  2  3  4  5  6 |
---------------+-------------------+-----
Stealth        | |  9.8
Long Blades    | 1 2 |  2.2
Axes           | 1 2 |  2.2
Maces & Flails | 1 2 |  2.2
Polearms       | 1 2 |  2.2
Staves         | 1 2 |  2.2
Slings         | 1 2 |  2.2
Bows           | 1 2 |  2.2
Crossbows      | 1 2 |  2.2
Throwing       | 1 2 |  2.2
Armour         | 1 2 |  2.2
Shields        | 1 2 |  2.2
Unarmed Combat | 1 2 |  2.2
Spellcasting   | 1 2 |  2.2
Invocations    | 1 2 |  2.4
Evocations     | 1 2 |  2.2
Conjurations   | 1 |  1.7
Hexes          | 1 |  1.7
Summonings     | 1 |  1.7
Necromancy     | 1 |  1.7
Translocations | 1 |  1.7
Transmutations | 1 |  1.7
Fire Magic     | 1 |  1.7
Ice Magic      | 1 |  1.7
Air Magic      | 1 |  1.7
Earth Magic    | 1 |  1.7
Poison Magic   | 1 |  1.7
Short Blades   | 5 |  5.1
Dodging        | 5 |  5.1
Fighting       | |  6.9

Action                   |  1- 3 |  4- 6 || total
-------------------------+-------+-------++-------
Melee: Short sword       |     1 |   301 ||   302
       Bite              |       |    30 ||    30
       Punch             |       |     8 ||     8
Throw: Dart              |       |     3 ||     3
  Use: Scroll            |       |     5 ||     5
       Potion            |       |     4 ||     4
 Stab: Sleeping          |     1 |     9 ||    10
       Distracted        |       |     2 ||     2
       Invisible         |       |     1 ||     1
Armor: Leather armour    |       |    56 ||    56
Dodge: Dodged            |       |   148 ||   148
